 Dungeon Crawl Stone Soup version 0.30-a0-939-gc8157cb160 (webtiles) character file.

Game seed: 13794233887147293730

963 horus123 the Cudgeller (level 8, -1/66 HPs)
             Began as a Hill Orc Air Elementalist on Mar 26, 2023.
             Slain by Duvessa
             ... wielding a +0 rapier
              (10 damage)
             ... on level 6 of the Dungeon.
             The game lasted 00:16:53 (6991 turns).

horus123 the Cudgeller (Hill Orc Air Elementalist)  Turns: 6991, Time: 00:16:53

Health: -1/66      AC: 13    Str: 11    XL:     8   Next: 15%
Magic:  22/22      EV:  9    Int: 17    God:
Gold:   244        SH:  0    Dex: 11    Spells: 10/13 levels left

rFire   . . .      SeeInvis .    E - +1 great mace
rCold   . . .      Faith    .    (shield currently unavailable)
rNeg    . . .      Spirit   .    o - +3 scale mail {rPois}
rPois   +          Reflect  .    B - +0 helmet
rElec   .          Rampage  .    (no cloak)
rCorr   .                        I - +0 pair of gloves
Will    +....                    y - +0 pair of boots Stlth
                                 q - amulet of magic regeneration
HPRegen 0.31/turn                g - ring of magical power
MPRegen 0.58/turn                m - ring of willpower

@: attractive
A: no striking features
a: no special abilities


You were on level 6 of the Dungeon.
You visited 1 branch of the dungeon, and saw 6 of its levels.

You collected 244 gold pieces.

Inventory:

Hand Weapons
 e - a +1 spear
 E - a +1 great mace (weapon)
 H - a +1 heavy hammer
 J - a +2 flail of holy wrath
Armour
 a - a +0 robe
 f - a +0 leather armour
 o - a +3 scale mail of poison resistance (worn)
 s - a +0 ring mail of willpower
 x - an orb of wrath
 y - a +0 pair of boots (worn)
 B - a +0 helmet (worn)
 I - a +0 pair of gloves (worn)
Jewellery
 g - a ring of magical power (left hand)
 m - a ring of willpower (right hand)
 q - an amulet of magic regeneration (around neck)
 u - a ring of fire
 A - a ring of see invisible
 G - a ring of magical power
Scrolls
 j - a scroll of poison
 l - a scroll of teleportation
 t - 3 scrolls of blinking
 v - a scroll of noise {unknown}
 w - 2 scrolls of fog
Potions
 b - a potion of magic
 d - a potion of mutation {unknown}
 h - 3 potions of curing
 i - 4 potions of attraction
 k - 2 potions of cancellation {unknown}
 p - a potion of berserk rage {unknown}
 r - 2 potions of invisibility {unknown}
 z - 2 potions of degeneration {unknown}
 C - a potion of resistance {unknown}
 D - a potion of flight {unknown}
 F - a potion of ambrosia {unknown}
 K - a potion of lignification {unknown}


   Skills:
 - Level 4.1 Fighting
 - Level 5.1 Maces & Flails
 - Level 3.3 Armour
 - Level 1.5 Dodging
 - Level 1.5 Stealth
 + Level 3.3 Spellcasting
 - Level 2.0 Conjurations
 - Level 4.0 Air Magic


You had 10 spell levels left.
You knew the following spells:

 Your Spells              Type           Power      Damage    Failure   Level
a - Shock                 Conj/Air       52%        1d6       26%         1
b - Static Discharge      Conj/Air       26%        2-4/arc   38%         2

Your spell library contained the following spells:

 Spells                   Type           Power      Damage    Failure   Level
 Swiftness                Air            16%        N/A       47%         3
 Poisonous Vapours        Pois/Air       18%        N/A       52%         2
 Sting                    Tmut/Pois      8%         1d3       67%         1
 Airstrike                Air            8%         2d(2-18)  87%         4
 Olgreb's Toxic Radiance  Pois           2%         N/A       100%        4
 Summon Forest            Summ/Tloc      1%         N/A       100%        5
 Eringya's Noxious Bog    Tmut/Pois      1%         N/A       100%        6
 Summon Hydra             Summ           1%         N/A       100%        7


Dungeon Overview and Level Annotations

Branches:
Dungeon (6/15)
 Temple: D:4-7

Altars:
Fedhas
Trog

Annotations:
D:5 1 runed translucent door, Crazy Yiuf
D:6 Duvessa


Message History

There is a stone staircase leading up here.
Okay, then.
Aiming: Fastroot
Press: ? - help, Shift-Dir - straight line The roots erupt in riotous growth!
Roots grab Duvessa.
The grasping roots constrict Duvessa.
Duvessa hits you but does no damage.
The grasping roots constrict Duvessa.
Duvessa struggles to escape constriction.
Duvessa rages.
Duvessa struggles to escape constriction.
The grasping roots constrict Duvessa.
The roots release their grip on Duvessa.
Hit: E) +1 great mace
Press: ? - help, Dir - move target, f - you
Okay, then.
Aiming: Fastroot
Press: ? - help, Shift-Dir - straight line, f - Duvessa
Aim: Duvessa, wielding a +0 rapier, wearing a +0 scale mail and quivering stones (lightly wounded, berserk)
The roots erupt in riotous growth!
Roots grab Duvessa.
The grasping roots constrict Duvessa, but do no damage.
Duvessa struggles to escape constriction.
Duvessa escapes!
Aiming: Fastroot
Press: ? - help, Shift-Dir - straight line, f/p - Duvessa
Aim: Duvessa, wielding a +0 rapier, wearing a +0 scale mail and quivering stones (lightly wounded, berserk)
The roots erupt in riotous growth!
Roots grab Duvessa.
The now-empty wand crumbles to dust.
The grasping roots constrict Duvessa.
Duvessa barely misses you.
The grasping roots constrict Duvessa.
The roots release their grip on Duvessa.
Duvessa hits you but does no damage. Duvessa hits you with a +0 rapier.
* * * LOW HITPOINT WARNING * * *
It was a potion of attraction.
You feel attractive to monsters. Duvessa hits you with a +0 rapier!
You die...

##
##.######
#<.......
###...#####
#..........
#.###.#####
#.e@..#
#######


You could see Duvessa (berserk).

Vanquished Creatures
  A black bear (D:5)
  A sky beast (D:4)
  An orc warrior (D:5)
  3 ogres
  Blork the orc (D:4)
  A bullfrog (D:5)
  Dowan (D:5)
  Terence (D:2)
  An iguana (D:5)
  Robin (D:3)
  10 adders
  2 worms
  A dart slug (D:2)
  3 orcs
  9 ball pythons
  4 endoplasms
  3 giant cockroaches
  10 hobgoblins
  12 jackals
  3 quokkas (D:1)
  4 bats
  3 frilled lizards
  19 goblins
  6 kobolds
  8 rats
109 creatures vanquished.

Vanquished Creatures (others)
  A goblin (D:4)
1 creature vanquished.

Grand Total: 110 creatures vanquished

Notes
Turn   | Place    | Note
-------+----------+-------------------------------------------
     0 | D:1      | horus123 the Hill Orc Air Elementalist began the quest for
                  | the Orb.
     0 | D:1      | Reached XP level 1. HP: 14/14 MP: 3/3
   373 | D:1      | Reached XP level 2. HP: 20/20 MP: 0/5
   429 | D:1      | Learned a level 2 spell: Static Discharge
   659 | D:1      | Found a faded altar of an unknown god.
  1163 | D:2      | Reached XP level 3. HP: 26/26 MP: 0/6
  1509 | D:2      | Reached XP level 4. HP: 30/33 MP: 1/7
  1576 | D:2      | Noticed Terence
  1672 | D:2      | Killed Terence
  2285 | D:2      | Found a blossoming altar of Fedhas.
  2440 | D:2      | Reached XP level 5. HP: 38/38 MP: 8/8
  3164 | D:3      | Reached skill level 1 in Armour
  3440 | D:3      | Noticed an ogre
  3456 | D:3      | Killed an ogre
  3566 | D:3      | Reached XP level 6. HP: 45/45 MP: 9/9
  3650 | D:3      | Found a bloodstained altar of Trog.
  3682 | D:3      | Found a blossoming altar of Fedhas.
  4012 | D:4      | Noticed Robin
  4026 | D:3      | Killed Robin
  4410 | D:4      | Noticed a sky beast
  4437 | D:4      | Killed a sky beast
  4765 | D:4      | Noticed Blork the orc
  4791 | D:4      | Killed Blork the orc
  4792 | D:4      | Reached XP level 7. HP: 30/59 MP: 10/10
  5288 | D:4      | Reached skill level 2 in Maces & Flails
  5568 | D:4      | Identified the +1 leather armour of Death's Door {*Corrode
                  | rPois Str+3 SInv}
  5857 | D:5      | Entered Level 5 of the Dungeon
  5944 | D:5      | Found a runed translucent door.
  5945 | D:5      | Noticed Crazy Yiuf
  5977 | D:5      | Reached skill level 3 in Maces & Flails
  6025 | D:5      | Noticed Duvessa
  6026 | D:5      | Noticed Dowan
  6351 | D:5      | HP: 1/59 [black bear (6)]
  6353 | D:5      | Reached skill level 4 in Maces & Flails
  6354 | D:5      | Reached skill level 5 in Maces & Flails
  6631 | D:5      | Reached XP level 8. HP: 52/66 MP: 12/12
  6757 | D:5      | Killed Dowan
  6991 | D:6      | Slain by Duvessa

Illustrated notes

Levels and vault maps discovered:
D:1:      zaba_arrival_water, layout_loops_ring,
          shapermc_ecumenical_altar_pompeii, minmay_box_of_dots
D:2:      layout_basic, basic_altar, minivault_5, uniq_terence
D:3:      layout_basic, mainiacjoe_overflow_two_lobes,
          nicolae_elevator_lobby_asterisk
D:4:      layout_basic, uniq_blork_the_orc, uniq_robin
D:5:      layout_cave_pods, uniq_duvessa, uniq_crazy_yiuf_cottage
D:6:      layout_basic, nicolae_vehumet_radiance, grunt_qazlal_sundering,
          minmay_temple_entry_water_ring, uniq_eustachio

Skill      XL: |  1  2  3  4  5  6  7 |
---------------+----------------------+-----
Spellcasting   | 2 3 |  3.3
Conjurations   | 2 |  2.0
Air Magic      | 3 4 |  4.0
Armour         | 3 |  3.3
Fighting       | 4 |  4.1
Maces & Flails | 5 |  5.1
Dodging        | |  1.5
Stealth        | |  1.5

Action                     |  1- 3 |  4- 6 |  7- 9 || total
---------------------------+-------+-------+-------++-------
  Melee: Unarmed           |    20 |       |       ||    20
         Dagger            |     7 |       |       ||     7
         Spear             |    25 |   202 |       ||   227
         Punch             |     1 |     2 |       ||     3
         Great mace        |       |       |    79 ||    79
   Cast: Shock             |    57 |    56 |    14 ||   127
         Static Discharge  |       |     6 |     3 ||     9
  Evoke: Wand              |       |     1 |     4 ||     5
    Use: Scroll            |       |     5 |     4 ||     9
         Potion            |       |       |     5 ||     5
   Stab: Sleeping          |       |     1 |       ||     1
 Armour: Robe              |    14 |    10 |       ||    24
         Ring mail         |       |    55 |       ||    55
         Scale mail        |       |    46 |   101 ||   147
  Dodge: Dodged            |    53 |   134 |    78 ||   265

Table legend: (Time is in decaauts)
 A = Elapsed time spent in this place.
 B = Non-inter-level travel time spent in this place.
 C = Inter-level travel time spent in this place.
 D = Time resting spent in this place.
 E = Time spent auto-exploring this place.
 F = Levels seen in this place.
 G = Mean time per level.
                   A        B        C        D        E       F      G
               +--------+--------+--------+--------+--------+-----+--------+
         Total |   7062 |   6962 |    100 |   2382 |   3178 |   6 | 1177.0 |
       Dungeon |   7062 |   6962 |    100 |   2382 |   3178 |   6 | 1177.0 |
               +--------+--------+--------+--------+--------+-----+--------+

Top non-repeatable levels by time:
     D:4: 1811 daAuts
     D:3: 1627 daAuts
     D:2: 1515 daAuts
     D:1: 1204 daAuts
     D:5: 721 daAuts
     D:6: 182 daAuts
